AoeStats
← King David

Arabia

509697465Analyzed
1v1 RM · 5d ago on Sep 27, 2026· 29m 30s· 2 players
Game mode
Random Map
Map size
Tiny (2 player)
Population
200
Speed
Normal
Resources
Standard
Victory
Conquest
Starting age
Dark Age
Ending age
Imperial Age
RankedLock teamsTeams togetherTeam positionsShared explorationLock speedFull tech treeHidden civsTurbo modeCheats
Victory
Defeat
🇦🇷 Gurjaras · Argentina
855
+16
🇳🇱 Britons · Netherlands
864
-34
apolineodionisiaco
12:45 Feudal Age
13:47 Horse Collar
15:14 Double-Bit Axe
17:02 Forging
17:07 Bloodlines
17:28 Loom
22:06 Castle Age
21:59 Gold Mining
25:21 Heavy Plow
25:33 Bow Saw
26:04 Scale Barding Armor
King David
13:45 Feudal Age
14:34 Horse Collar
14:44 Double-Bit Axe
16:00 Man-at-Arms
16:40 Arson
17:22 Gold Mining
21:15 Fletching
21:25 Padded Archer Armor
21:36 Forging
21:30 Scale Mail Armor
22:46 Wheelbarrow
24:10 Town Watch
30:24 Castle Age
Connection lost

Rejoining the realm…

Still unreachable

The connection could not be restored.

Session expired

The server has moved on; the page needs a fresh start.